AoeStats
← Peruskar

QS Arena

503248486Analyzed
1v1 RM · 3mo ago on Aug 30, 2026· 34m 21s· 2 players
Game mode
Random Map
Map size
Tiny (2 player)
Population
200
Speed
Normal
Resources
Standard
Victory
Conquest
Starting age
Dark Age
Ending age
Imperial Age
RankedLock teamsTeams togetherTeam positionsShared explorationLock speedFull tech treeHidden civsTurbo modeCheats
Victory
Defeat
🇹🇷 Turks · Türkiye
709
+15
vs
🇪🇨 Huns · Ecuador
685
-15
Peruskar
2:32 Loom
10:44 Feudal Age
14:53 Castle Age
13:52 Scale Barding Armor
13:35 Double-Bit Axe
13:42 Gold Mining
13:35 Horse Collar
14:37 Stone Mining
18:51 Bow Saw
23:19 Chain Barding Armor
24:26 Forging
24:56 Wheelbarrow
27:48 Heavy Plow
28:13 Fletching
28:24 Padded Archer Armor
28:01 Elite Skirmisher
28:49 Thumb Ring
30:10 Ballistics
30:44 Town Watch
34:06 Husbandry
34:17 Bloodlines
MUY
5:16 Loom
7:36 Feudal Age
9:15 Double-Bit Axe
9:23 Gold Mining
9:14 Horse Collar
16:43 Castle Age
18:31 Wheelbarrow
22:21 Imperial Age
21:15 Gold Shaft Mining
22:38 Bow Saw
24:43 Padded Archer Armor
26:45 Leather Archer Armor
31:41 Hand Cart
Connection lost

Rejoining the realm…

Still unreachable

The connection could not be restored.

Session expired

The server has moved on; the page needs a fresh start.